 Dungeon Crawl Stone Soup version 0.29.1-15-g9cfb28693d (webtiles) character file.

Game seed: 15494065253706042905

5631 kingofthe the Thaumaturge (level 10, -2/50 HPs)
             Began as a Deep Elf Fire Elementalist on Mar 4, 2023.
             Was a Follower of Sif Muna.
             Slain by a hornet (10 damage)
             ... on level 9 of the Dungeon.
             The game lasted 00:35:27 (11294 turns).

kingofthe the Thaumaturge (DEFE)                   Turns: 11294, Time: 00:35:28

Health: -2/50      AC:  8    Str:  5    XL:     10   Next: 46%
Magic:  26/26      EV: 15    Int: 25    God:    Sif Muna [*.....]
Gold:   250        SH:  0    Dex: 15    Spells: 15/29 levels left

rFire   . . .      SeeInvis .   J - +2 whip (venom)
rCold   . . .      Faith    .   (no shield)
rNeg    . . .      Spirit   .   s - +3 leather armour
rPois   .          Reflect  .   y - +0 helmet
rElec   .          Harm     .   I - +0 cloak
rCorr   .          Rampage  .   (no gloves)
Will    ++...                   (no boots)
Stlth   +++.......              m - amulet of magic regeneration
HPRegen 0.16/turn               W - ring of willpower
MPRegen 0.60/turn               (no ring)

@: about to teleport, slowed, very slow
A: no striking features
a: Renounce Religion, Channel Magic


You were on level 9 of the Dungeon.
You worshipped Sif Muna.
Sif Muna was aware of your devotion.
You visited 2 branches of the dungeon, and saw 10 of its levels.
You also visited: Ossuary.

You collected 408 gold pieces.
You spent 158 gold pieces at shops.


   Skills:
 * Level 9.2 Dodging
 + Level 7.2 Stealth
 * Level 10.1 Spellcasting
 * Level 8.1 Conjurations
 + Level 8.6 Fire Magic
 * Level 1.8 Invocations


You had 15 spell levels left.
You knew the following spells:

 Your Spells              Type           Power      Damage    Failure   Level
a - Foxfire               Conj/Fire      100%       2x1d9     1%          1
b - Scorch                Fire           100%       2d10      1%          2
c - Conjure Flame         Conj/Fire      53%        6-21      1%          3
d - Flame Wave            Conj/Fire      53%        2d13      2%          4
e - Sticky Flame          Conj/Fire      53%        2d7       2%          4

Your spell library contained the following spells:

 Spells                   Type           Power      Damage    Failure   Level
 Static Discharge         Conj/Air       33%        3-8/arc   2%          2
 Dazzling Flash           Conj/Hex       66%        N/A       4%          3
 Inner Flame              Hex/Fire       34%        N/A       4%          3
 Dispel Undead            Necr           12%        3d9       63%         4
 Agony                    Necr           12%        N/A       92%         5
 Silence                  Hex/Air        6%         N/A       92%         5

Inventory:

Hand Weapons
 l - a +3 dagger
 t - a +1 whip of freezing
 J - a +2 whip of venom (weapon)
Armour
 e - a +3 ring mail
 j - the +1 ring mail of Sahuom {Str-3 Int+4 Dex+6 Stlth+}
   (You found it on level 2 of the Dungeon)

   Str:       It affects your strength (-3).
   Int:       It affects your intelligence (+4).
   Dex:       It affects your dexterity (+6).
   Stlth:     It makes you more stealthy.
 s - a +3 leather armour (worn)
 y - a +0 helmet (worn)
 I - a +0 cloak (worn)
 K - +0 steam dragon scales
Jewellery
 m - an amulet of magic regeneration (around neck)
 H - an amulet of the acrobat
 W - a ring of willpower (left hand)
Wands
 n - a wand of roots (2)
 q - a wand of polymorph (1)
 G - a wand of quicksilver (4)
Scrolls
 c - 2 scrolls of enchant weapon {unknown}
 d - 2 scrolls of noise {unknown}
 f - 3 scrolls of fear {unknown}
 h - 2 scrolls of teleportation {@r2}
 k - 2 scrolls of magic mapping
 r - 2 scrolls of vulnerability {unknown}
 u - a scroll of acquirement {unknown}
 v - 2 scrolls of torment {unknown}
 z - 4 scrolls of blinking {unknown}
 C - a scroll of enchant armour {unknown}
 E - 2 scrolls of identify {@r1}
 F - a scroll of fog {unknown}
Potions
 b - 4 potions of magic
 g - 2 potions of heal wounds {@q2}
 i - 5 potions of curing {@q1}
 o - a potion of attraction {unknown}
 p - a potion of mutation {unknown}
 w - 2 potions of brilliance {unknown}
 x - 2 potions of lignification
 A - a potion of ambrosia {unknown}
 B - a potion of flight {unknown}
 D - a potion of berserk rage {unknown}

Dungeon Overview and Level Annotations

Branches:
Dungeon (9/15)             Temple (1/1) D:7             Orc (0/2) D:9
Ossuary (visited)
   Lair: D:8-11

Altars:
Ashenzari
Cheibriados
Dithmenos
Elyvilon
Fedhas
Gozag
Hepliaklqana
Kikubaaqudgha
Makhleb
Nemelex Xobeh
Okawaru
Qazlal
Ru
Sif Muna
Trog
Uskayaw
Vehumet
Wu Jian
Xom
Zin
The Shining One

Shops:
D:5 !?[   D:7 !

Annotations:
D:2 exclusion: downstairs

##..##...............
#..####........>.....
#.#..#.#...............
#.....................
#.###..................
####..>..........)......
#...#..........z........
###.........c..#....#
##.......@yz#.#..##
#.###...#y..#..##
#####...##..#.#>#
#....#..##.##>>
###.##.#. .. ### #####
####


You could see a hornet, a centaur, a killer bee and 2 wights.


Message History

The killer bee attacks as you move away!
The killer bee stings you but does no damage.
You feel sick. The hornet closely misses you. The hornet stings you.
You feel yourself slow down. The killer bee stings you.
As you read the scroll of teleportation {@r2}, it crumbles to dust.
You feel strangely unstable.
You feel yourself speed up.
You feel sick. The killer bee closely misses you.
The centaur completely misses you. The centaur closely misses you.
The hornet stings you but does no damage.
The killer bee misses you. The hornet misses you. The centaur hits you.
The centaur kicks you but does no damage.
The killer bee stings you!
* * * LOW HITPOINT WARNING * * *
The hornet attacks as you move away! The hornet stings you!
* * * LOW HITPOINT WARNING * * *
You feel yourself slow down. The centaur attacks as you move away!
The centaur hits you.
* * * LOW HITPOINT WARNING * * *
The centaur closely misses you.
You feel sick.
The killer bee is no longer more vulnerable to fire.
The killer bee completely misses you.
You feel better. The centaur misses you.
The centaur kicks you but does no damage.
The killer bee misses you. The hornet closely misses you. The centaur hits you.
* * * LOW HITPOINT WARNING * * *
The centaur completely misses you. The killer bee completely misses you.
The hornet stings you!
You die...

Skill      XL: |  1  2  3  4  5  6  7  8  9 10 |
---------------+-------------------------------+-----
Dodging        | 3 4 5 7 8 9 |  9.2
Stealth        | 3 4 5 6 7 |  7.2
Conjurations   | 2 3 4 6 7 8 |  8.1
Fire Magic     | 4 5 6 8 |  8.6
Spellcasting   | 4 5 6 7 9 10 | 10.1
Invocations    | 1 |  1.8

Action                   |  1- 3 |  4- 6 |  7- 9 | 10-12 || total
-------------------------+-------+-------+-------+-------++-------
Melee: Dagger            |       |     1 |       |       ||     1
 Cast: Foxfire           |    69 |   104 |   296 |    55 ||   524
       Scorch            |       |    28 |    73 |    21 ||   122
       Conjure Flame     |       |       |     1 |       ||     1
       Sticky Flame      |       |       |     1 |       ||     1
  Use: Scroll            |     1 |     1 |     4 |     2 ||     8
       Potion            |       |       |       |     2 ||     2
Armor: Leather armour    |       |     2 |    24 |    12 ||    38
Dodge: Dodged            |     8 |    15 |    67 |    47 ||   137

Levels and vault maps discovered:
D:1:      dpeg_arrival_tiny_c, layout_basic
D:2:      minmay_roachtagon, layout_rooms
D:3:      layout_basic, small_statue_intersection, hangedman_decor_points
D:4:      layout_cave_pods, uniq_pikel
D:5:      layout_layer_cave, mainiacjoe_overflow_chevrons, serial_shops,
          nicolae_shop_trees, nicolae_shop_behind_doors, nicolae_diamond_shop,
          minmay_misc_feat_roman, grunt_ministairs_15, st_stairs_13, uniq_ijyb
D:6:      layout_cave_pools, mainiacjoe_overflow_24_doors,
          nicolae_ossuary_entry_monument
D:7:      layout_basic, marbit_many_paths, fiery_altar_vehumet,
          minmay_temple_entry_wispy, serial_shops, shop_statue
D:8:      layout_basic, mainiacjoe_overflow_alcove_4,
          nicolae_gozag_conspicuous_consumption, kennysheep_little_box,
          minmay_crossroads, uniq_grum
D:9:      layout_big_octagon, orc_0_dummy, uniq_maggie, uniq_maurice,
          uniq_harold
Temple:   nicolae_temple_superstar

Notes
Turn   | Place    | Note
-------+----------+-------------------------------------------
     0 | D:1      | kingofthe the Deep Elf Fire Elementalist began the quest
                  | for the Orb.
     0 | D:1      | Reached XP level 1. HP: 10/10 MP: 6/6
   233 | D:1      | Reached XP level 2. HP: 15/15 MP: 1/8
  1264 | D:1      | Reached skill level 3 in Dodging
  1545 | D:2      | Reached XP level 3. HP: 17/19 MP: 5/9
  1740 | D:2      | Reached skill level 3 in Stealth
  1740 | D:2      | Reached skill level 2 in Conjurations
  1740 | D:2      | Reached XP level 4. HP: 24/24 MP: 3/11
  1896 | D:2      | Identified the +1 ring mail of Sahuom {Str-3 Int+4 Dex+6
                  | Stlth+}
  2156 | D:2      | Reached skill level 4 in Fire Magic
  2225 | D:2      | Learned a level 2 spell: Scorch
  2280 | D:2      | Reached skill level 4 in Spellcasting
  2463 | D:3      | Noticed a centaur
  2694 | D:3      | Reached XP level 5. HP: 28/28 MP: 10/13
  2787 | D:3      | Killed a centaur
  2788 | D:3      | Reached skill level 4 in Dodging
  3212 | D:3      | Reached skill level 3 in Conjurations
  3730 | D:4      | Reached XP level 6. HP: 32/32 MP: 11/15
  3760 | D:4      | Noticed Pikel
  4267 | D:3      | Killed Pikel
  4268 | D:3      | Reached skill level 5 in Dodging
  4268 | D:3      | Reached skill level 4 in Stealth
  4268 | D:3      | Reached skill level 5 in Spellcasting
  4268 | D:3      | Reached skill level 4 in Conjurations
  4268 | D:3      | Reached skill level 5 in Fire Magic
  4268 | D:3      | Reached XP level 7. HP: 14/36 MP: 8/17
  5489 | D:4      | Reached skill level 6 in Spellcasting
  5725 | D:5      | Entered Level 5 of the Dungeon
  5820 | D:5      | Found a snail-covered altar of Cheibriados.
  5869 | D:5      | Reached XP level 8. HP: 41/41 MP: 15/19
  5873 | D:5      | Learned a level 3 spell: Conjure Flame
  5887 | D:5      | Found Gigyotz's Magic Scroll Shop.
  5891 | D:5      | Bought a scroll of teleportation for 30 gold pieces
  5891 | D:5      | Bought a scroll of identify for 20 gold pieces
  5913 | D:5      | Reached skill level 6 in Dodging
  5913 | D:5      | Reached skill level 5 in Conjurations
  5930 | D:5      | Reached skill level 6 in Fire Magic
  5995 | D:5      | Found Fafeist's Distillery.
  5999 | D:5      | Bought a potion of curing for 33 gold pieces
  6037 | D:5      | Noticed Ijyb
  6042 | D:5      | Killed Ijyb
  6043 | D:5      | Reached skill level 5 in Stealth
  6157 | D:5      | Found Wuseon's Armour Emporium.
  6668 | D:5      | Reached skill level 7 in Spellcasting
  7168 | D:5      | Bought a scroll of magic mapping for 75 gold pieces
  7244 | D:6      | Found a bloodstained altar of Trog.
  7257 | D:6      | Found a sand-covered staircase.
  7267 | Ossuary  | Entered an ossuary
  7713 | D:6      | Reached skill level 7 in Dodging
  7713 | D:6      | Reached skill level 6 in Conjurations
  7812 | D:6      | Reached XP level 9. HP: 45/45 MP: 20/22
  7831 | D:6      | Learned a level 4 spell: Flame Wave
  7836 | D:6      | Learned a level 4 spell: Sticky Flame
  7902 | D:6      | Reached skill level 7 in Fire Magic
  8001 | D:6      | Reached skill level 8 in Spellcasting
  8477 | D:7      | Reached skill level 6 in Stealth
  8822 | D:7      | Found a staircase to the Ecumenical Temple.
  8874 | Temple   | Entered the Ecumenical Temple
  8886 | Temple   | Became a worshipper of Sif Muna the Loreminder
  9001 | D:7      | Found a radiant altar of Vehumet.
  9164 | D:7      | Found Pevieb's Distillery.
  9280 | D:7      | Reached skill level 8 in Dodging
  9280 | D:7      | Reached skill level 7 in Conjurations
  9341 | D:7      | Found a hide-covered altar of Uskayaw.
  9458 | D:8      | Noticed Grum
  9724 | D:8      | Found an opulent altar of Gozag.
  9747 | D:8      | Reached skill level 9 in Spellcasting
  9786 | D:8      | Reached skill level 8 in Fire Magic
  9798 | D:8      | Found an opulent altar of Gozag.
  9798 | D:8      | Found an opulent altar of Gozag.
  9823 | D:8      | Found an opulent altar of Gozag.
  9843 | D:8      | Killed Grum
  9896 | D:8      | Reached XP level 10. HP: 43/50 MP: 18/25
 10083 | D:8      | Found a burning altar of Makhleb.
 10175 | D:8      | Found a glowing golden altar of the Shining One.
 10226 | D:8      | Reached * piety under Sif Muna
 10457 | D:9      | HP: 5/50 [poisoned by a hornet]
 10787 | D:9      | Noticed Harold
 10788 | D:9      | Reached skill level 7 in Stealth
 10794 | D:9      | HP: 1/50 [Harold/+0 war axe of freezing (8)]
 10799 | D:9      | HP: 3/50 [Harold/+0 war axe of freezing (20)]
 10800 | D:9      | Killed Harold
 10801 | D:9      | Reached skill level 9 in Dodging
 10801 | D:9      | Reached skill level 10 in Spellcasting
 10801 | D:9      | Reached skill level 8 in Conjurations
 10801 | D:9      | Reached skill level 1 in Invocations
 11253 | D:9      | Found a staircase to the Orcish Mines.
 11294 | D:9      | Slain by a hornet

Vanquished Creatures
  Harold (D:9)
  Pikel (D:3)
  A hornet (D:9)
  A wyvern (D:8)
  3 yaks (D:9)
  Grum (D:8)
  A steam dragon (D:8)
  2 water moccasins
  A black bear (D:5)
  2 ice beasts (D:5)
  An orc warrior (D:7)
  2 wolves (D:8)
  2 sky beasts
  2 ogres
  2 centaurs
  2 phantoms (D:5)
  A necrophage (D:7)
  4 bullfrogs
  3 scorpions
  4 water moccasin zombies (Ossuary)
  9 wights
  5 hounds
  3 jellies (D:6)
  3 orc priests
  5 iguanas
  Ijyb (D:5)
  4 orc wizards
  2 mummies (Ossuary)
  4 gnolls (D:6)
  10 adders
  2 white imps
  6 adder zombies (Ossuary)
  3 worms
  6 dart slugs
  26 orcs
  9 ball pythons
  10 endoplasms
  13 giant cockroaches
  2 gnoll zombies (Ossuary)
  5 hobgoblins
  10 jackals
  2 quokkas (D:1)
  4 bats
  2 frilled lizards
  6 goblins
  4 hobgoblin zombies (Ossuary)
  8 kobolds
  6 kobold zombies (Ossuary)
  7 orc zombies (Ossuary)
  4 rats
218 creatures vanquished.

Vanquished Creatures (others)
  921 foxfires
921 creatures vanquished.

Grand Total: 1139 creatures vanquished

Table legend: (Time is in decaauts)
 A = Elapsed time spent in this place.
 B = Non-inter-level travel time spent in this place.
 C = Inter-level travel time spent in this place.
 D = Time resting spent in this place.
 E = Time spent auto-exploring this place.
 F = Levels seen in this place.
 G = Mean time per level.
                   A        B        C        D        E       F      G
               +--------+--------+--------+--------+--------+-----+--------+
         Total |  11295 |  10798 |    497 |   1818 |   7528 |  11 | 1026.8 |
       Dungeon |  10746 |  10256 |    490 |   1818 |   7107 |   9 | 1194.0 |
        Temple |    116 |    109 |      7 |      0 |     89 |   1 |  116.0 |
       Ossuary |    432 |    432 |      0 |      0 |    332 |   1 |  432.0 |
               +--------+--------+--------+--------+--------+-----+--------+

Top non-repeatable levels by time:
     D:3: 2337 daAuts
     D:1: 1460 daAuts
     D:5: 1388 daAuts
     D:7: 1143 daAuts
     D:8: 1110 daAuts
     D:2: 1014 daAuts
     D:4: 926 daAuts
     D:6: 820 daAuts
     D:9: 543 daAuts
 Ossuary: 432 daAuts
  Temple: 116 daAuts

Table legend:
 A = Non-vault XP
 B = Vault XP
 C = Vault XP percentage of total XP
 D = Non-vault monster count
 E = Vault monster count
 F = Vault count percentage of total count
                 A         B        C        D         E       F
            +---------+---------+-------+---------+---------+-------
      Total |    4907 |    3138 |  39.0 |     164 |      54 |  24.8
            +---------+---------+-------+---------+---------+-------
        D:1 |      36 |       0 |   0.0 |      20 |       0 |   0.0
        D:2 |     101 |      18 |  15.1 |      22 |       9 |  29.0
        D:3 |     205 |     673 |  76.7 |      27 |       1 |   3.6
        D:4 |     153 |       0 |   0.0 |      20 |       0 |   0.0
        D:5 |     466 |     430 |  48.0 |       7 |       6 |  46.2
        D:6 |     777 |       0 |   0.0 |      25 |       0 |   0.0
        D:7 |    1189 |      92 |   7.2 |      20 |       1 |   4.8
        D:8 |     813 |     640 |  44.0 |      13 |       5 |  27.8
        D:9 |    1167 |     886 |  43.2 |      10 |       1 |   9.1
    Ossuary |       0 |     399 | 100.0 |       0 |      31 | 100.0
            +---------+---------+-------+---------+---------+-------
